Map: Ley Lines

Players

LiquidElazer (Elazer)

  • Race: Zerg Zerg
  • Spawn Location: 7:00

Remarcable (uThermal) - Winner!

  • Race: Terran Terran
  • League: Grandmaster
  • Spawn Location: 1:00

Event: HomeStory Cup XXVII

VOD

Have the link to the VOD?

Description

Time

  • Played on: June 28, 2025, 7:19 a.m.
  • Length: 3:12

All games in this series

Show
View Real Time Build Order
Export as new Build Order

LiquidElazer Zerg 

Build Orders: Hatch First 

Get SALT Encoding   

  12  0:00  Drone  
  13  0:08  Drone  
  14  0:16  Overlord  
  14  0:21  Extractor  
  14  0:22  Drone  
  15  0:35  Drone x2  
  17  0:51  Hatchery  
  17  0:55  Drone  
  17  0:58  Drone  
  18  1:08  Extractor  
  17  1:12  Spawning Pool  
  17  1:15  Drone  
  17  1:17  Drone  
  18  1:26  Drone  
  19  1:39  Hatchery  
  18  1:41  Drone  
  19  1:58  Queen  
  21  2:01  Zergling x2  
  21  2:03  Zergling x2  
  23  2:10  Queen  
  25  2:17  Zergling x2  
  25  2:21  Zergling x2  
  24  2:36  Zergling x2  
  23  2:41  Zergling x2  
  24  2:50  Zergling x2  
  24  2:53  Zergling x4  
Show
View Real Time Build Order
Export as new Build Order

Remarcable Terran - Winner!

Build Orders:  

Get SALT Encoding   

  12  0:00  SCV  
  13  0:14  Supply Depot  
  13  0:36  Barracks  
  13  0:38  Refinery  
  13  0:52  Barracks  
  13  0:57  SCV  
  14  1:23  Reaper  
  14  1:25  Barracks  
  15  1:29  Refinery  
  15  1:40  Reaper  
  16  1:54  Bunker  
  16  1:57  Reaper  
  17  2:12  Reaper  
  17  2:15  Reaper  
  19  2:29  Reaper  
  19  2:44  Supply Depot  
Tags
 
Add a new tag
Caveats
  • Supply blocks, unpowered buildings, or Contaminate may cause inaccurate times.
  • Supply counts are checked every 10 seconds.